 Dungeon Crawl Stone Soup version 0.29.1-15-g9cfb28693d (webtiles) character file.

Game seed: 1188897800142109048

20 croobank the Sneak (level 2, 0/21 HPs)
             Began as an Octopode Delver on Feb 27, 2023.
             Slain by Pargi (4 damage)
             ... in a sewer.
             The game lasted 00:02:36 (388 turns).

croobank the Sneak (Octopode Delver)                 Turns: 388, Time: 00:02:36

Health: 0/21       AC:  1    Str: 17    XL:     2   Next: 79%
Magic:  2/2        EV: 13    Int: 12    God:
Gold:   17         SH:  0    Dex: 13    Spells: 1/1 levels left

rFire   . . .      SeeInvis .   j - +0 dagger
rCold   . . .      Faith    .   (no shield)
rNeg    . . .      Spirit   .   (helmet restricted)
rPois   .          Reflect  .   (no amulet)
rElec   .          Harm     .   m - +6 ring of strength
rCorr   .          Rampage  .   (no ring)
Will    .....                   (no ring)
Stlth   ++++......              (no ring)
HPRegen 0.07/turn               (no ring)
MPRegen 0.08/turn               (no ring)
                                (no ring)
                                (no ring)

@: no status effects
A: almost no armour, amphibious, 8 rings, camouflage 1, gelatinous body 1,
(nimble swimmer 1), tentacles
a: no special abilities


You were in a sewer.
You visited 1 branch of the dungeon, and saw 4 of its levels.
You also visited: Sewer.

You collected 17 gold pieces.

Inventory:

Hand Weapons
 a - a +0 hand axe
 j - a +0 dagger (weapon)
Jewellery
 m - a +6 ring of strength (left tentacle)
Wands
 f - a wand of digging (3)
 i - a wand of quicksilver (8)
Scrolls
 b - a scroll of fog
 g - a scroll of amnesia {unknown}
Potions
 c - a potion of curing {unknown}
 e - a potion of haste
 h - a potion of berserk rage {unknown}
 k - a potion of resistance {unknown}
 l - a potion of flight {unknown}


   Skills:
 + Level 3.2 Fighting
 + Level 2.3 Axes
 + Level 2.3 Dodging
 + Level 6.9 Stealth


You had one spell level left.
You didn't know any spells.
Your spell library was empty.

Dungeon Overview and Level Annotations

Branches:
Dungeon (6/15)              Sewer (1/1)
 Temple: D:4-7

Altars:

Shops:
D:4 (

Annotations:
Sewer Pargi


Innate Abilities, Weirdness & Mutations

You cannot wear most types of armour.
You are amphibious.
You can wear up to eight rings at the same time.
Your skin changes colour to match your surroundings (Stealth+).
Your rubbery body absorbs attacks. (AC +1, EV +1)
((You are camouflaged when in or above water. (Stealth+)))
You have tentacles for arms and can constrict up to eight enemies at once.


Message History

You enter a sewer!
Found a gate leading back out of this place.
There is an empty arch of ancient stone here.
You open the door.
Pargi the Meek comes into view.
j - a +0 dagger (weapon)
Pargi bites you. Pargi misses you. Pargi claws you.
There is an open door here.
Aiming: Quicksilver Bolt
Press: ? - help, Shift-Dir - straight line, f - Pargi
Aim: Pargi (64% to hit)
The bolt of dispelling energy hits Pargi!
Pargi is heavily wounded.
Pargi bites you. Pargi barely misses you. Pargi claws you.
Aiming: Quicksilver Bolt
Press: ? - help, Shift-Dir - straight line, f/p - Pargi
Aim: Pargi (heavily wounded, 64% to hit)
The bolt of dispelling energy misses Pargi.
Pargi misses you. Pargi claws you. x2
* * * LOW HITPOINT WARNING * * *
Aiming: Quicksilver Bolt
Press: ? - help, Shift-Dir - straight line, f/p - Pargi
Aim: Pargi (moderately wounded, 64% to hit)
Okay, then.
Okay, then.
As you read the scroll of fear, it crumbles to dust.
You assume a fearsome visage.
Pargi looks frightened!
You open the door.
There is an open door here.
There's a creature in the doorway!
Aiming: Quicksilver Bolt
Press: ? - help, Shift-Dir - straight line, f/p - Pargi
Aim: Pargi (lightly wounded, 64% to hit)
The bolt of dispelling energy hits Pargi!!
Pargi is almost dead.
Your attack snaps Pargi out of his fear.
Pargi bites you.
* * * LOW HITPOINT WARNING * * *
Pargi closely misses you. Pargi claws you.
You die...

#######
+.~≈~.+
#.~≈~.#
#.~≈~.#
+.~≈~.+
#.~≈~.#
####.~≈~.#
#.@T.~≈~.+
####.~≈~.#
####.~≈~.####
#T.'..∩....∩#
####.~≈~.####
#.~≈~.#
+.~≈~.+
#.~≈~.#
#.~≈~.#


You could see Pargi.

Vanquished Creatures
  An adder (D:3)
  An endoplasm (D:4)
  3 giant cockroaches
  A goblin (D:4)
  2 ball pythons (D:3)
  3 rats (D:3)
11 creatures vanquished.

Notes
Turn   | Place    | Note
-------+----------+-------------------------------------------
     0 | D:5      | croobank the Octopode Delver began the quest for the Orb.
     0 | D:5      | Reached XP level 1. HP: 16/16 MP: 1/1
     9 | D:6      | Noticed a scorpion
    17 | D:6      | Noticed a steam dragon
    37 | D:6      | Noticed an ogre
   121 | D:5      | Noticed a scorpion
   129 | D:4      | Found Qezxuobi's Antique Weapon Boutique.
   231 | D:3      | Found a glowing drain.
   261 | D:3      | Reached XP level 2. HP: 21/21 MP: 2/2
   373 | Sewer    | Entered a sewer
   376 | Sewer    | Noticed Pargi
   388 | Sewer    | Slain by Pargi

Illustrated notes

Levels and vault maps discovered:
D:3:      layout_loops_ring, serial_glass, glass_columns_a, glass_columns_c,
          portal_sewer_entry_c, hangedman_feature_mirror,
          minmay_tree_intersection, uniq_terence
D:4:      layout_loops_ring, minmay_temple_entry_mini_moons,
          nicolae_stop_n_shop_1, uniq_crazy_yiuf_cottage
D:5:      cheibrodos_quashed, layout_rooms, minitemple, serial_co_window_serial,
          co_window_of_opportunity_a, co_window_paths_a, co_window_corner_a,
          co_window_paths_a, co_window_paths_a, co_window_corner_b,
          co_window_2corner, co_window_cross_3, co_window_paths_e,
          glass_columns_a, glass_columns_b, glass_columns_b, glass_columns_a,
          uniq_pikel
D:6:      layout_basic, makhleb_blood_cavern_becter, serial_corexii_hall,
          chequers_hall_statues_corner_a, chequers_hall_statues_y,
          hangedman_abyss_or_decor_jellyfish_corner, hangedman_decor_slide_cut
Sewer:    kennysheep_door_sewer

Action                   || total
-------------------------++-------
Melee: Hand axe          ||    16
       Tentacles         ||     5
       Constrict         ||     4
Evoke: Wand              ||     3
  Use: Scroll            ||     2
 Stab: Sleeping          ||     2
       Distracted        ||     1
Armor: Skin              ||     1
Dodge: Dodged            ||    12
